 BcadrenCrawl: Boulder Brew version 0.06-272-g04a409949d (webtiles) character file.

Game seed: 6323810476761549121, levelgen mode: deterministic

235 MisterOstroum the Digger (level 5, 0/40 HPs) Immature Draconian Earth Elementalist. Began on Sept 3, 2022. Slain by a sewer rat (5 damage) ... on level 2 of the Dungeon. The game lasted 00:07:17 (1406 turns).

MisterOstroum the Digger (DrEE)                     Turns: 1406, Time: 00:07:18

Health: 0/40       AC:  6    Str: 10    XL:     5 ^: 44
Magic:  3/9        EV: 12    Int: 17    God:
Gold:   98         SH:  0    Dex: 11    Spells: 4/10 levels left

rFire    . . .     Slash    +   (no weapon)
rCold    . . .     Pierce   x   (no weapon)
rNeg     . . .     Bludgeon .   (armour unavailable)
rCorr    . . .     Vision   .   (helmet restricted)
rPois    .         Gourm    .   (no cloak)
rElec    .         Faith    .   (no gloves)
MR       .....     Spirit   .   (no boots)
HPRegen  0.23/turn Reflect  .   (no amulet)
MPRegen  0.19/turn Harm     .   d - ring of stealth
Stlth    +++.......             (no ring)

@: no status effects
A: deformed body 2, cold-blooded, draconic flesh, AC +6
a: Breathe Dart


You were on level 2 of the Dungeon.
You were not hungry.

You visited 1 branch of the dungeon, and saw 2 of its levels.

You collected 98 gold pieces.

Inventory:

Weapons
 c - a +0 short sword
 h - a +0 dagger Shields
 f - a +1 heater shield of reflection
Jewellery
 d - a ring of stealth (left hand)
Scrolls
 b - 2 scrolls of fear {!r}
 g - a scroll of random uselessness
 k - 2 scrolls of attention
Potions
 i - a potion of lignification {@q6}
 j - a potion of poison
Comestibles
 a - 3 chunks of flesh
 e - 3 rations


   Skills:
 * Level 1.4 Fighting
 + Level 1.8 Dodging
 - Level 1.4 Stealth
 * Level 3.2 Spellcasting
 - Level 0.7 Transmutations
 - Level 5.0 Earth Magic


You had 4 spell levels left.
You knew the following spells:

 Your Spells              Type           Power        Failure   Level  Hunger
a - Sandblast Erth 19 (50) 2% 1 0-5 b - Passwall Tmut/Erth 12 (120) 8% 2 25-65 c - Stone Arrow Erth           19 (50)      6%          3    65-125

Your spell library contained the following spells:

 Spells                   Type           Power        Failure   Level  Hunger
 Petrify Tmut/Erth 12 (100) 45% 4 145-245 Lee's Rapid Deconstruct Erth 19 (200) 52% 5 265-425 Methodical Deconstructi Erth           19 (200)     52%         5    265-425


Dungeon Overview and Level Annotations

Branches:
Dungeon (2/8)

Altars:


Innate Abilities, Weirdness & Mutations

Your plain brown scales are resilient. (AC +6)
You can breathe rudimentary magical darts.
You cannot wear any armour on your peculiar form.
You are cold-blooded and are slowed more easily by cold attacks.
Your scales resist being cut, but it's oddly easy to stick a small blade between them. (rSlashing+, rPiercing-)


Message History

Aiming: Sandblast (safe; 2% risk of failure)
Press: ? - help, Shift-Dir - straight line, f/p - sewer rat
Aim: a sewer rat (80%, 80% to-hit, healthy (11/11), 72% (Melee))
The blast of sand hits the sewer rat (6).
The sewer rat is heavily wounded. (5/11) HP The sewer rat bites you (6).
You are perforated ruthlessly!
The sewer rat bites you (1).
You are perforated ruthlessly!
The sewer rat closely misses you.
Casting: Sandblast (safe; 2% risk of failure)
Confirm with . or Enter, or press ? or * to list all spells.
Aiming: Sandblast (safe; 2% risk of failure)
Press: ? - help, Shift-Dir - straight line, f/p - sewer rat
Aim: a sewer rat (80%, 80% to-hit, heavily wounded (6/11), 72% (Melee))
The blast of sand hits the sewer rat (7)!
You kill the sewer rat!
The sewer rat barely misses you.
Casting: Sandblast (safe; 2% risk of failure)
Confirm with . or Enter, or press ? or * to list all spells.
Aiming: Sandblast (safe; 2% risk of failure)
Press: ? - help, Shift-Dir - straight line, f - sewer rat
Aim: a submerged sewer rat (71%, 71% to-hit, lightly wounded (10/11), 72% (Melee))
The blast of sand hits the sewer rat but does no damage.
The sewer rat is lightly wounded. (10/11) HP The sewer rat bites you (8)!
You are perforated ruthlessly!
Casting: Sandblast (safe; 2% risk of failure)
Confirm with . or Enter, or press ? or * to list all spells.
Aiming: Sandblast (safe; 2% risk of failure)
Press: ? - help, Shift-Dir - straight line, f/p - sewer rat
Aim: a submerged sewer rat (71%, 71% to-hit, lightly wounded (10/11), 72% (Melee))
The blast of sand misses the sewer rat.
The sewer rat bites you but does no damage.
Casting: Sandblast (safe; 2% risk of failure)
Confirm with . or Enter, or press ? or * to list all spells.
Aiming: Sandblast (safe; 2% risk of failure)
Press: ? - help, Shift-Dir - straight line, f/p - sewer rat
Aim: a submerged sewer rat (71%, 71% to-hit, lightly wounded (10/11), 72% (Melee))
The blast of sand hits the sewer rat but does no damage.
The sewer rat is lightly wounded. (10/11) HP The sewer rat barely misses you.
Casting: Sandblast (safe; 2% risk of failure)
Confirm with . or Enter, or press ? or * to list all spells.
Aiming: Sandblast (safe; 2% risk of failure)
Press: ? - help, Shift-Dir - straight line, f/p - sewer rat
Aim: a submerged sewer rat (71%, 71% to-hit, lightly wounded (10/11), 72% (Melee))
The blast of sand hits the sewer rat (7)!
The sewer rat is severely wounded. (3/11) HP The sewer rat barely misses you.
Casting: Sandblast (safe; 2% risk of failure)
Confirm with . or Enter, or press ? or * to list all spells.
Aiming: Sandblast (safe; 2% risk of failure)
Press: ? - help, Shift-Dir - straight line, f/p - sewer rat
Aim: a submerged sewer rat (71%, 71% to-hit, severely wounded (3/11), 72% (Melee))
The blast of sand hits the sewer rat but does no damage.
The sewer rat is severely wounded. (3/11) HP The sewer rat bites you (1).
You are perforated ruthlessly!
Casting: Sandblast (safe; 2% risk of failure)
Confirm with . or Enter, or press ? or * to list all spells.
Aiming: Sandblast (safe; 2% risk of failure)
Press: ? - help, Shift-Dir - straight line, f/p - sewer rat
Aim: a submerged sewer rat (71%, 71% to-hit, severely wounded (3/11), 72% (Melee))
The blast of sand misses the sewer rat.
The sewer rat barely misses you.
Wield which item (- for none, * to show all)? (? for menu, Esc to quit)
You don't feel anything in particular.
f - a +1 heater shield of reflection (shield)
You block the sewer rat's attack. The sewer rat bites you (2).
You are perforated ruthlessly!
* * * LOW HITPOINT WARNING * * *
You see here a sewer rat corpse.
You block the sewer rat's attack.
You enter the shallow water.
Moving in this stuff is going to be slow.
The sewer rat barely misses you.
The ooze quivers.
Unknown command.
The ooze splashes around in the water.
You enter the shallow water.
Moving in this stuff is going to be slow.
The sewer rat barely misses you.
Some of the chunks of flesh in your inventory have rotted away.
The sewer rat bites you (1).
You are perforated ruthlessly!
You enter the shallow water.
Moving in this stuff is going to be slow.
The sewer rat bites you (9)!
You are perforated ruthlessly!
* * * LOW HITPOINT WARNING * * *
The sewer rat bites you (2).
You are perforated ruthlessly!
* * * LOW HITPOINT WARNING * * *
Unknown command.
You see here an adder skeleton.
Wield which item (- for none, * to show all)? (? for menu, Esc to quit)
You prep your fists for unarmed combat.
Casting: Sandblast (safe; 2% risk of failure)
Confirm with . or Enter, or press ? or * to list all spells.
Aiming: Sandblast (safe; 2% risk of failure)
Press: ? - help, Shift-Dir - straight line, f/p - sewer rat
Aim: a sewer rat (80%, 80% to-hit, severely wounded (4/11), 72% (Melee))
The blast of sand hits the sewer rat but does no damage.
The sewer rat is severely wounded. (4/11) HP The giant blowfly buzzes angrily.
The sewer rat bites you (5).
You are perforated ruthlessly!
You die...

..#≈≈≈b≈≈≈.# ##≈.#≈≈≈≈≈≈≈≈#
.....≈≈≈≈..# ##≈≈##≈≈≈≈≈≈≈≈#
#..≈≈≈P≈≈≈# ##≈##≈#≈≈≈≈≈≈≈≈≈
##..≈≈≈r≈≈r# #≈##≈.#..≈≈≈≈≈≈#
#≈..≈≈≈≈≈≈≈# #.≈##≈≈≈≈≈≈≈≈≈≈.
#.≈≈≈JrPP# #≈##.##≈≈≈≈≈≈≈.#
#.≈≈≈≈≈≈≈# ##J#†≈≈#≈≈≈≈≈≈≈..
#..≈≈≈r≈.# ##r##.###≈≈≈≈≈≈≈..
##.≈≈≈≈≈..# ##@.#### #≈≈≈≈≈≈≈..
#≈≈≈≈≈≈≈≈†###≈###### .≈≈≈≈≈≈≈.#
.≈≈≈≈≈≈≈≈.r.≈≈≈≈≈≈..≈≈≈≈≈≈P≈....
≈≈≈≈≈≈≈≈≈.≈≈≈≈≈≈≈≈.≈≈≈ ≈≈≈≈..≈≈≈
≈≈≈≈≈≈≈≈≈≈†≈≈≈≈≈≈..≈≈≈ .≈≈≈.≈≈≈
≈≈≈....≈≈≈b≈P########≈ ..≈≈≈≈≈b
≈≈≈≈.≈.≈≈≈≈## ≈.≈≈≈≈≈≈
≈≈≈≈.≈..≈≈≈# ≈.≈≈≈≈≈≈
≈PP..≈≈.≈≈## ≈..≈≈≈≈≈


You could see a submerged ooze and a sewer rat.

Vanquished Creatures
  A jelly (D:2)
  2 giant cockroaches
  3 adders (D:2)
  10 sewer rats
  3 cinder newts (D:2)
  2 oozes
  A dart slug (D:1)
  2 leopard geckos (D:1)
  4 ball pythons
  4 bats
  2 goblins (D:1)
  5 hobgoblins (D:1)
  A kobold (D:1)
  2 rats (D:1)
42 creatures vanquished.

Vanquished Creatures (others)
  A sewer rat (D:2)
  29 withered plants (D:2)
30 creatures vanquished.

Grand Total: 72 creatures vanquished

Notes
Turn   | Place    | Note
-------+----------+-------------------------------------------
     0 | D:1      | MisterOstroum the Immature Draconian Earth Elementalist
                  | began the quest for the Orb.
     0 | D:1      | Reached XP level 1. HP: 14/14 MP: 4/4
   124 | D:1      | Reached skill level 3 in Earth Magic
   124 | D:1      | Reached XP level 2. HP: 20/20 MP: 2/5
   153 | D:1      | Learned a level 2 spell: Passwall
   345 | D:1      | Reached XP level 3. HP: 22/26 MP: 1/7
   402 | D:1      | Learned a level 3 spell: Stone Arrow
   753 | D:2      | Reached skill level 4 in Earth Magic
   753 | D:2      | Reached XP level 4. HP: 33/33 MP: 5/8
   938 | D:2      | Reached XP level 5. HP: 22/38 MP: 1/9
  1109 | D:2      | Reached skill level 5 in Earth Magic
  1336 | D:2      | Reached skill level 1 in Fighting
  1406 | D:2      | Slain by a sewer rat

Levels and vault maps discovered:
D:1:      eino_arrival_tree_alley, layout_loops_ring,
          cheibrodos_sewer_entry_sluice
D:2:      layout_sewer, sewer_frog_pond

Skill      XL: |  1  2  3  4  5 |
---------------+----------------+-----
Earth Magic    | 3 4 5 |  5.0
Fighting       | 1 |  1.4
Spellcasting   | 3 |  3.2
Dodging        | |  1.8
Stealth        | |  1.4
Transmutations | |  0.7

Action                   |  1- 3 |  4- 6 || total
-------------------------+-------+-------++-------
Melee: Unarmed           |     2 |       ||     2
Throw: Skull             |       |     6 ||     6
       Bone              |       |     5 ||     5
       Stone             |       |    12 ||    12
       Rusty metal       |       |     1 ||     1
 Cast: Sandblast         |    33 |    67 ||   100
       Stone Arrow       |       |     1 ||     1
  Eat: Chunk             |       |     2 ||     2
Armor: Skin              |     8 |    14 ||    22
Dodge: Dodged            |     7 |    20 ||    27
Block: Heater shield     |       |     3 ||     3
